 Dungeon Crawl Stone Soup version 0.31-a0-174-g85c54bcb58 (webtiles) character file.

Game seed: 10088089052134091945

996 qw the Skirmisher (level 8, -1/73 HPs)
             Began as a Naga Hunter on June 15, 2023.
             Was a Follower of Okawaru.
             Slain by a wraith (9 damage)
             ... on level 5 of the Dungeon.
             The game lasted 00:01:54 (5098 turns).

qw the Skirmisher (Naga Hunter)                     Turns: 5098, Time: 00:01:54

Health: -1/73      AC: 10    Str: 14    XL:     8   Next: 19%
Magic:  6/8        EV: 13    Int:  9    God:    Okawaru [*.....]
Gold:   226        SH:  5    Dex: 17    Spells: 7/7 levels left

rFire   . . .        Y - +1 shortbow
rCold   . . .        (shield currently unavailable)
rNeg    . . .        c - +0 leather armour
rPois   +            d - +0 helmet
rElec   .            (no cloak)
rCorr   .            (no gloves)
SInv    +            (no barding)
Will    +....        f - amulet of reflection
Stlth   +++          a - +4 ring of protection
HPRegen 0.32/turn    (no ring)
MPRegen 0.11/turn

%: reflection
@: short of breath, heroic, slowed, very slow
A: AC +2, large, see invisible, deformed body, poison resistance, slowness 2,
spit poison 1, naga tail 1
a: Spit Poison, Renounce Religion, Heroism


You were on level 5 of the Dungeon.
You worshipped Okawaru.
Okawaru was aware of your devotion.
You visited 2 branches of the dungeon, and saw 7 of its levels.

You collected 226 gold pieces.


Innate Abilities, Weirdness & Mutations

Your serpentine skin is tough. (AC +2)
You have supernaturally acute eyesight. (SInv)
Armour fits poorly on your strangely shaped body.
Your system is resistant to poisons. (rPois)
You cover ground very slowly.
You can spit poison.
You have a snake-like lower body.


   Skills:
 + Level 4.8(9.8) Fighting
 - Level 8.1(13.1) Ranged Weapons
 - Level 2.0(7.0) Dodging
 - Level 1.5(6.5) Stealth
 + Level 1.0 Invocations


You had 7 spell levels left.
You didn't know any spells.
Your spell library was empty.

Inventory:

Hand Weapons
 Y - a +1 shortbow (weapon)
Armour
 c - a +0 leather armour (worn)
 d - a +0 helmet (worn)
 m - a +0 cloak
Jewellery
 a - a +4 ring of protection (left hand)
 b - a ring of fire
 f - an amulet of reflection (around neck)
 l - the ring of Taxikko {rElec rPois Will+ Dex+2}
   (You found it on level 5 of the Dungeon)

   [ring of willpower]

   Dex:       It affects your dexterity (+2).
   rElec:     It insulates you from electricity.
   rPois:     It protects you from poison.
   Will:      It increases your willpower.
Scrolls
 j - 2 scrolls of identify
 o - a scroll of immolation {unknown}
Potions
 e - a potion of curing {unknown}
 g - a potion of haste {unknown}
 h - a potion of might {unknown}
 i - a potion of enlightenment {unknown}
 k - 2 potions of degeneration {unknown}
 n - a potion of brilliance {unknown}

Dungeon Overview and Level Annotations

Branches:
Dungeon (6/15)             Temple (1/1) D:4

Altars:
Ashenzari
Cheibriados
Dithmenos
Elyvilon
Fedhas
Gozag
Hepliaklqana
Kikubaaqudgha
Makhleb
Nemelex Xobeh
Okawaru
Qazlal
Ru
Sif Muna
Trog
Uskayaw
Vehumet
Wu Jian
The Shining One


Message History

Okawaru accepts your kill. The phantom barely misses you. The wraith hits you.
The wraith drains your vigour!
You feel as though you will be slow longer.
The orc hits you but does no damage. The phantom hits you.
Your Invocations skill increases to level 1!
5093 ||| INVOKING Heroism.
You gain the combat prowess of a mighty hero.
The orc barely misses you. The phantom barely misses you.
The wraith hits you but does no damage.
You shoot an arrow. The arrow hits the wraith.
The wraith is severely damaged.
The orc hits you but does no damage. The wraith hits you!
The wraith drains your vigour!
You feel as though you will be slow longer.
The phantom barely misses you. The wraith hits you!
The wraith drains your vigour!
You feel as though you will be slow longer.
The orc misses you.
The phantom hits you but does no damage.
You shoot an arrow. The arrow hits the wraith.
The wraith is severely damaged.
You have got your breath back.
The orc barely misses you.
The phantom hits you but does no damage.
The wraith hits you!
5096 ||| INVOKING Spit Poison.
Aiming: Spit Poison (1% risk of failure)
Press: ? - help, Shift-Dir - straight line, f - orc, p - wraith The splash of poison hits the orc but does no damage.
The orc barely misses you. The phantom hits you.
The phantom blinks!
You blink.
You shoot an arrow. The arrow hits the phantom.
The phantom is lightly damaged.
The phantom hits you but does no damage.
You shoot an arrow. The arrow hits the wraith.
The wraith is severely damaged.
The wraith hits you. The wraith drains your vigour!
You feel as though you will be slow longer.
The phantom hits you. The wraith hits you!
You die...

#)#.#.###..#............##.##.#
)).........###############.##.#
#.#.#.###..# #.##.### ......#
#..# #.##.... #####.#
#..####### #.###### ##.#
#.##.....###### #.# #..#
#.##.#.#.o¤...# #.# #.##
#.##...WW#¤##.# #.# #.#
#..#.#.#@#o## #.###### #.#
##.#.....#.. #....... #.#
###)#######' ######## #.#
#......#l..# #.# #.#..#.#..r# #
#.# #......# ..# ## #.#
#......# #### .###.# #.#..#.#..
=# .....# #......#..#


You could see a wraith, a phantom, an iguana and an orc.

Vanquished Creatures
  2 ice beasts
  2 ogres (D:5)
  2 scorpions (D:5)
  2 hounds
  An orc priest (D:5)
  3 iguanas
  A sleepcap (D:5)
  An orc wizard (D:5)
  Robin (D:2)
  3 gnolls (D:4)
  10 adders
  2 shadow imps (D:5)
  2 ufetubi (D:4)
  2 worms
  3 dart slugs
  20 orcs
  7 endoplasms
  6 giant cockroaches
  10 goblins
  11 hobgoblins
  5 jackals (D:1)
  7 quokkas
  11 ball pythons
  3 bats
  9 frilled lizards
  9 kobolds
  3 rats
138 creatures vanquished.

Notes
Turn   | Place    | Note
-------+----------+-------------------------------------------
     0 | D:1      | qw the Naga Hunter began the quest for the Orb.
     0 | D:1      | Reached XP level 1. HP: 19/19 MP: 1/1
     0 | D:1      | 0 ||| qw: Version: 0.2-a-29-g511e9b1
     0 | D:1      | 0 ||| qw: Game counter: 5513
     0 | D:1      | 0 ||| qw: Always use a shield: true
     0 | D:1      | 0 ||| qw: God list: Okawaru
     0 | D:1      | 0 ||| qw: Allow faded altars: false
     0 | D:1      | 0 ||| qw: Do Orc after D:15 true
     0 | D:1      | 0 ||| qw: Do second Lair branch before Depths: true
     0 | D:1      | 0 ||| qw: Lair rune preference: random
     0 | D:1      | 0 ||| qw: Plans: Normal
     0 | D:1      | 0 ||| PLANNING D:1-11
    28 | D:1      | 28 ||| INVOKING Spit Poison.
    36 | D:1      | 36 ||| INVOKING Spit Poison.
   125 | D:1      | 125 ||| INVOKING Spit Poison.
   135 | D:1      | 135 ||| INVOKING Spit Poison.
   156 | D:1      | 156 ||| INVOKING Spit Poison.
   159 | D:1      | Reached skill level 4 in Ranged Weapons
   159 | D:1      | Reached XP level 2. HP: 26/26 MP: 2/2
   160 | D:1      | 160 ||| INVOKING Spit Poison.
   175 | D:1      | 175 ||| INVOKING Spit Poison.
   235 | D:1      | 235 ||| INVOKING Spit Poison.
   242 | D:1      | 242 ||| INVOKING Spit Poison.
   247 | D:1      | 247 ||| INVOKING Spit Poison.
   250 | D:1      | 250 ||| INVOKING Spit Poison.
   255 | D:1      | 255 ||| INVOKING Spit Poison.
   261 | D:1      | 261 ||| INVOKING Spit Poison.
   267 | D:1      | 267 ||| INVOKING Spit Poison.
   324 | D:1      | 324 ||| INVOKING Spit Poison.
   332 | D:1      | 332 ||| INVOKING Spit Poison.
   335 | D:1      | 335 ||| INVOKING Spit Poison.
   339 | D:1      | 339 ||| INVOKING Spit Poison.
   342 | D:1      | 342 ||| INVOKING Spit Poison.
   347 | D:1      | Reached XP level 3. HP: 10/32 MP: 3/3
   347 | D:1      | 347 ||| INVOKING Spit Poison.
   448 | D:1      | 448 ||| INVOKING Spit Poison.
   522 | D:1      | 522 ||| INVOKING Spit Poison.
   623 | D:1      | 623 ||| INVOKING Spit Poison.
   624 | D:1      | 624 ||| INVOKING Spit Poison.
   661 | D:1      | 661 ||| INVOKING Spit Poison.
   681 | D:1      | 681 ||| INVOKING Spit Poison.
   686 | D:1      | 686 ||| INVOKING Spit Poison.
   692 | D:1      | 692 ||| INVOKING Spit Poison.
   696 | D:1      | 696 ||| INVOKING Spit Poison.
   700 | D:1      | 700 ||| INVOKING Spit Poison.
   866 | D:1      | 866 ||| INVOKING Spit Poison.
   877 | D:1      | 877 ||| READING scroll labelled YQIFFYF JELA.
   878 | D:1      | 878 ||| READING scroll labelled RUTETUEZXI.
   878 | D:1      | Identified a scroll of acquirement
   878 | D:1      | 878 ||| ACQUIRING +4 ring of protection
   878 | D:1      | Acquired a +4 ring of protection
   880 | D:1      | 880 ||| UPGRADING to +4 ring of protection.
   881 | D:1      | 881 ||| READING scroll labelled JOYTIO HEUQI.
   882 | D:1      | 882 ||| READING 2 scrolls labelled RIANOF ESIS.
   984 | D:1      | 984 ||| INVOKING Spit Poison.
  1083 | D:1      | 1083 ||| DROPPING scroll of butterflies.
  1122 | D:2      | 1122 ||| INVOKING Spit Poison.
  1125 | D:2      | 1125 ||| INVOKING Spit Poison.
  1184 | D:2      | 1184 ||| INVOKING Spit Poison.
  1193 | D:2      | 1193 ||| INVOKING Spit Poison.
  1198 | D:2      | 1198 ||| INVOKING Spit Poison.
  1203 | D:2      | 1203 ||| INVOKING Spit Poison.
  1225 | D:2      | 1225 ||| INVOKING Spit Poison.
  1228 | D:2      | Found a bloodstained altar of Trog.
  1289 | D:2      | 1289 ||| INVOKING Spit Poison.
  1302 | D:2      | 1302 ||| INVOKING Spit Poison.
  1305 | D:2      | 1305 ||| INVOKING Spit Poison.
  1307 | D:2      | Reached skill level 5 in Ranged Weapons
  1308 | D:2      | 1308 ||| INVOKING Spit Poison.
  1308 | D:2      | Noticed Robin
  1309 | D:2      | Reached XP level 4. HP: 39/39 MP: 4/4
  1314 | D:2      | 1314 ||| INVOKING Spit Poison.
  1319 | D:2      | 1319 ||| INVOKING Spit Poison.
  1323 | D:2      | 1323 ||| INVOKING Spit Poison.
  1327 | D:2      | 1327 ||| INVOKING Spit Poison.
  1327 | D:2      | Killed Robin
  1331 | D:2      | HP: 8/40 [hobgoblin/+0 club[Robin] (5)]
  1332 | D:2      | 1332 ||| READING scroll of teleportation.
  1333 | D:2      | 1333 ||| INVOKING Spit Poison.
  1621 | D:2      | 1621 ||| INVOKING Spit Poison.
  1704 | D:2      | 1704 ||| INVOKING Spit Poison.
  1720 | D:2      | 1720 ||| INVOKING Spit Poison.
  1723 | D:2      | 1723 ||| INVOKING Spit Poison.
  1756 | D:2      | 1756 ||| INVOKING Spit Poison.
  1792 | D:2      | 1792 ||| UPGRADING to +0 helmet.
  1797 | D:2      | 1797 ||| UPGRADING to amulet of reflection.
  1817 | D:3      | 1817 ||| INVOKING Spit Poison.
  1821 | D:3      | Reached skill level 3 in Fighting
  1821 | D:3      | 1821 ||| INVOKING Spit Poison.
  1824 | D:3      | 1824 ||| INVOKING Spit Poison.
  1878 | D:3      | 1878 ||| INVOKING Spit Poison.
  1890 | D:3      | 1890 ||| INVOKING Spit Poison.
  1893 | D:3      | Reached XP level 5. HP: 49/49 MP: 5/5
  1907 | D:3      | Found a snail-covered altar of Cheibriados.
  1908 | D:3      | 1908 ||| INVOKING Spit Poison.
  1943 | D:3      | 1943 ||| INVOKING Spit Poison.
  2029 | D:3      | 2029 ||| INVOKING Spit Poison.
  2143 | D:3      | You fall into a shaft and drop 3 floors!
  2152 | D:5      | Entered Level 5 of the Dungeon
  2173 | D:5      | 2173 ||| READING scroll labelled KEIH TIMMUCW.
  2183 | D:4      | 2183 ||| Stepping ~*~*~tactically~*~*~ (outnumbered).
  2188 | D:4      | 2188 ||| INVOKING Spit Poison.
  2194 | D:4      | 2194 ||| INVOKING Spit Poison.
  2198 | D:4      | 2198 ||| INVOKING Spit Poison.
  2224 | D:4      | 2224 ||| INVOKING Spit Poison.
  2301 | D:4      | 2301 ||| INVOKING Spit Poison.
  2307 | D:4      | 2307 ||| INVOKING Spit Poison.
  2310 | D:4      | 2310 ||| INVOKING Spit Poison.
  2315 | D:4      | 2315 ||| INVOKING Spit Poison.
  2343 | D:4      | Found a bloodstained altar of Trog.
  2375 | D:3      | 2375 ||| INVOKING Spit Poison.
  2381 | D:3      | 2381 ||| INVOKING Spit Poison.
  2522 | D:3      | 2522 ||| INVOKING Spit Poison.
  2544 | D:3      | 2544 ||| INVOKING Spit Poison.
  2741 | D:4      | 2741 ||| INVOKING Spit Poison.
  2804 | D:4      | 2804 ||| INVOKING Spit Poison.
  2808 | D:4      | Reached skill level 6 in Ranged Weapons
  2827 | D:4      | 2827 ||| INVOKING Spit Poison.
  2829 | D:4      | Reached XP level 6. HP: 56/56 MP: 6/6
  2937 | D:4      | 2937 ||| INVOKING Spit Poison.
  2958 | D:4      | 2958 ||| INVOKING Spit Poison.
  2969 | D:4      | 2969 ||| INVOKING Spit Poison.
  2976 | D:4      | 2976 ||| INVOKING Spit Poison.
  2981 | D:4      | 2981 ||| INVOKING Spit Poison.
  3038 | D:4      | Noticed an ice beast
  3039 | D:4      | 3039 ||| INVOKING Spit Poison.
  3045 | D:4      | 3045 ||| INVOKING Spit Poison.
  3051 | D:4      | 3051 ||| INVOKING Spit Poison.
  3057 | D:4      | Killed an ice beast
  3176 | D:4      | 3176 ||| INVOKING Spit Poison.
  3246 | D:4      | Found a staircase to the Ecumenical Temple.
  3247 | D:4      | 3247 ||| PLANNING TEMPLE
  3255 | Temple   | Entered the Ecumenical Temple
  3285 | Temple   | 3285 ||| PLANNING OKAWARU WORSHIP
  3441 | Temple   | Became a worshipper of Warmaster Okawaru
  3442 | Temple   | 3442 ||| PLANNING D:1-11
  3563 | D:4      | 3563 ||| INVOKING Spit Poison.
  3568 | D:4      | 3568 ||| INVOKING Spit Poison.
  3608 | D:4      | 3608 ||| INVOKING Spit Poison.
  3632 | D:4      | 3632 ||| INVOKING Spit Poison.
  3856 | D:4      | 3856 ||| READING 2 scrolls labelled QOHEMI EHUHIBB.
  3880 | D:5      | 3880 ||| INVOKING Spit Poison.
  3881 | D:5      | Reached XP level 7. HP: 66/66 MP: 7/7
  3928 | D:5      | 3928 ||| INVOKING Spit Poison.
  3945 | D:5      | 3945 ||| INVOKING Spit Poison.
  4030 | D:5      | 4030 ||| INVOKING Spit Poison.
  4036 | D:5      | 4036 ||| INVOKING Spit Poison.
  4284 | D:5      | Identified the ring of Taxikko {rElec rPois Will+ Dex+2}
  4302 | D:5      | HP: 15/66 [ice beast (3)]
  4303 | D:5      | 4303 ||| READING scroll of teleportation.
  4556 | D:5      | 4556 ||| INVOKING Spit Poison.
  4827 | D:5      | Noticed a wraith
  4836 | D:5      | 4836 ||| INVOKING Spit Poison.
  4842 | D:5      | 4842 ||| INVOKING Spit Poison.
  4848 | D:5      | Reached skill level 7 in Ranged Weapons
  4848 | D:5      | 4848 ||| INVOKING Spit Poison.
  4852 | D:5      | 4852 ||| INVOKING Spit Poison.
  4852 | D:5      | HP: 6/66 [ogre/+0 giant spiked club (14)]
  5053 | D:5      | 5053 ||| INVOKING Spit Poison.
  5058 | D:5      | 5058 ||| INVOKING Spit Poison.
  5064 | D:5      | Reached XP level 8. HP: 71/73 MP: 8/8
  5064 | D:5      | 5064 ||| INVOKING Spit Poison.
  5070 | D:5      | 5070 ||| INVOKING Spit Poison.
  5071 | D:5      | Reached * piety under Okawaru
  5072 | D:5      | Reached skill level 8 in Ranged Weapons
  5088 | D:5      | 5088 ||| INVOKING Spit Poison.
  5091 | D:5      | 5091 ||| INVOKING Spit Poison.
  5093 | D:5      | Reached skill level 1 in Invocations
  5093 | D:5      | 5093 ||| INVOKING Heroism.
  5096 | D:5      | 5096 ||| INVOKING Spit Poison.
  5098 | D:5      | HP: 14/73 [wraith (5)]
  5098 | D:5      | Slain by a wraith

Levels and vault maps discovered:
D:1:      dpeg_arrival_oval, layout_basic, serial_glass, glass_columns_c,
          glass_columns_b, glass_columns_a, feat_on_display,
          grunt_decor_arrowhead, minmay_pentomino_o4
D:2:      layout_basic, basic_altar, uniq_robin
D:3:      layout_loops_ring, kennysheep_slug_shrine
D:4:      layout_basic, trog_three_pillars_becter, minmay_temple_entry_statues,
          serial_bayou, serial_bayou_pond_b, serial_bayou_lagoon_b,
          serial_bayou_shore_b, serial_bayou_pond_a, serial_bayou_ford_a,
          serial_bayou_shore_b
D:5:      minmay_clustersquares, layout_loops_ring
D:6:      layout_cave_pods, uniq_sigmund
Temple:   bh_familiar_temple

Skill      XL: |  1  2  3  4  5  6  7  8 |
---------------+-------------------------+-----
Ranged Weapons | 4 5 6 7 8 |  8.1
Fighting       | 3 4 |  4.8
Dodging        | 2 |  2.0
Invocations    | 1 |  1.0
Stealth        | |  1.5

Action                     |  1- 3 |  4- 6 |  7- 9 || total
---------------------------+-------+-------+-------++-------
   Fire: Shortbow          |    79 |   134 |   109 ||   322
 Invoke: Heroism           |       |       |     1 ||     1
Ability: Spit Poison       |    42 |    47 |    16 ||   105
    Use: Scroll            |     4 |     3 |     1 ||     8
 Armour: Leather armour    |    29 |    29 |    32 ||    90
  Dodge: Dodged            |    51 |    34 |    34 ||   119
  Block: Other             |       |    18 |    15 ||    33
         Reflection        |       |     1 |       ||     1

Table legend:
 A = Non-vault XP
 B = Vault XP
 C = Vault XP percentage of total XP
 D = Non-vault monster count
 E = Vault monster count
 F = Vault count percentage of total count
                 A         B        C        D         E       F
            +---------+---------+-------+---------+---------+-------
      Total |     679 |     745 |  52.3 |     106 |      32 |  23.2
            +---------+---------+-------+---------+---------+-------
        D:1 |      55 |       4 |   6.8 |      34 |       3 |   8.1
        D:2 |      39 |      36 |  48.0 |      17 |      12 |  41.4
        D:3 |      77 |       4 |   4.9 |      18 |       1 |   5.3
        D:4 |     244 |     157 |  39.2 |      26 |       3 |  10.3
        D:5 |     264 |     544 |  67.3 |      11 |      13 |  54.2
            +---------+---------+-------+---------+---------+-------
